 Dungeon Crawl Stone Soup version 0.32-a0-975-g85d4e5bfdb (webtiles) character file.

Game seed: 7470870754543659439

1904442 Drazool the Slayer (level 27, 228/228 HPs)
             Began as a Djinni Fire Elementalist on Apr 17, 2024.
             Was the Champion of Ashenzari.
             Escaped with the Orb
             ... and 3 runes on Apr 19, 2024!
             The game lasted 05:37:09 (56606 turns).

Drazool the Slayer (Djinni Fire Elementalist)      Turns: 56606, Time: 05:37:09

Health: 228/228    AC: 26    Str: 11    XL:     27
Gold:   7132       EV: 21    Int: 34    God:    Ashenzari [******] SH:  6 Dex: 24

rFire   + + .        v - +5 falchion "Ruined With Me" {vamp, Self, Elem} (curse)
rCold   + + .        r - +0 buckler "At What Cost Knowledge?" {+Inv Regen+ rCorr, Melee, Elem} (curse)
rNeg    + + .        y - +0 ice dragon scales "Tethered Together" {rElec rF- rC++ Dex+4, Dev, Cun} (curse)
rPois   ∞            V - +0 helmet of Ashenzari's Ordeal {Dex+2 Slay+2, Self, Dev} (curse)
rElec   +            E - scarf of the Ensconced Activism {shadows, rC+ Regen+, Self, Elem} (curse)
rCorr   +            l - +2 pair of gloves "Ensconced Seeker" {Melee, Cun} (curse)
SInv    +            (boots unavailable)
Will    +++..        q - amulet of Supernal Wisdom {Acrobat rPois rF+ Int+4, Self, Cun} (curse)
Stlth   +            T - ring of Ashenzari's Annoyance {rN++ AC+4 Str+4 Stlth+, Range, Dev} (curse)
HPRegen 2.18/turn    c - ring of the Tethered Burden {Wiz Will+ Dex+3, Elem, Sorc} (curse)

%: acrobat, clarity, wizardry (x1)
@: flying, studying 4 skills
A: sickness immunity, fire resistance 2, cold vulnerability 1, float, innate
caster, HP casting, extra vitality 1
0: Orb of Zot
}: 3/15 runes: serpentine, barnacled, silver
a: Renounce Religion, Evoke Invisibility, Shatter the Chains


You escaped.
You worshipped Ashenzari.
Ashenzari was exalted by your worship.
You visited 11 branches of the dungeon, and saw 51 of its levels.
You visited the Abyss 1 time.
You also visited: Trove, Sewer and Volcano.

You collected 10700 gold pieces.
You spent 3568 gold pieces at shops.


Innate Abilities, Weirdness & Mutations

You are immune to sickness and miasma.
You are immune to poison.
Your flesh is very heat resistant. (rF++)
You are vulnerable to cold. (rC-)
You float through the air rather than walking.
You learn spells naturally, not from books.
Your magical power is your life essence.
You have superior vitality. (+4 MHP)


   Skills:
 - Level 23.6(27) Fighting
 - Level 15.1(18.6) Long Blades
 + Level 19.1 Armour
 + Level 17.7(22.2) Dodging
 - Level 3.0(6.8) Stealth
 - Level 6.0 Shields
 - Level 21.7(27) Spellcasting
 - Level 21.7(23.8) Conjurations
 - Level 21.7 Hexes
 - Level 21.7 Summonings
 - Level 21.7 Necromancy
 - Level 21.7 Translocations
 - Level 21.7(27) Fire Magic
 - Level 21.7(27) Ice Magic
 - Level 21.7(27) Air Magic
 - Level 21.7(27) Earth Magic
 - Level 21.7(23.8) Alchemy
 - Level 5.4(10.0) Evocations
 - Level 19.3(23.7) Shapeshifting


You knew the following spells:

 Your Spells              Type           Power      Damage    Failure   Level
a - Curse of Agony        Necr           100%       N/A       0%          5
b - Summon Ice Beast      Ice/Summ       100%       N/A       0%          3
c - Gell's Gavotte        Tloc           57%        2d(37-55) 1%          6
d - Permafrost Eruption   Ice/Erth       62%        2x4d14    0%          6
e - Freeze                Ice            100%       1d10      0%          1
f - Foxfire               Conj/Fire      100%       2x1d9     0%          1
g - Bombard               Conj/Erth      60%        9d10      0%          6
h - Magnavolt             Erth/Air       62%        3d24      1%          7
i - Swiftness             Air            100%       N/A       0%          3
j - Infestation           Necr           57%        N/A       1%          8
k - Fire Storm            Conj/Fire      60%        8d15      2%          9
m - Metabolic Englaciati  Hex/Ice        59%        N/A       0%          5
r - Inner Flame           Hex/Fire       100%       N/A       0%          3
s - Searing Ray           Conj           100%       2d8       0%          2
t - Summon Horrible Thin  Summ           57%        N/A       1%          8
X - Scorch                Fire           100%       2d9       0%          2
Y - Volatile Blastmotes   Fire/Tloc      100%       2d18      0%          3
Z - Flame Wave            Conj/Fire      100%       2d21      0%          4
Your spell library was empty.

Inventory:

Hand Weapons
 v - the cursed +5 falchion "Ruined With Me" (weapon) {vamp, Self, Elem}
   (You took it off Eustachio on level 4 of the Dungeon)

   It has a curse which improves the following skills: Introspection: Fighting
   and Spellcasting.
   Elements:  Fire Magic, Ice Magic, Air Magic and Earth Magic.
Missiles
 J - 11 throwing nets {=f}
 L - 10 curare-tipped darts {=f}
Armour
 l - the cursed +2 pair of gloves "Ensconced Seeker" (worn) {Melee, Cun}
   (You found it on level 2 of the Dungeon)

   It has a curse which improves the following skills: Melee Combat: Short
   Blades, Long Blades, Axes, Maces & Flails, Polearms, Staves and Unarmed
   Combat.
   Cunning:   Dodging and Stealth.
 r - the cursed +0 buckler "At What Cost Knowledge?" (worn) {+Inv Regen+ rCorr, Melee, Elem}
   (You found it on level 5 of the Lair of Beasts)

   +Inv:      It lets you turn invisible.
   Regen+:    It increases your rate of health regeneration.
   rCorr:     It protects you from acid and corrosion.
   It has a curse which improves the following skills: Melee Combat: Short
   Blades, Long Blades, Axes, Maces & Flails, Polearms, Staves and Unarmed
   Combat.
   Elements:  Fire Magic, Ice Magic, Air Magic and Earth Magic.
 y - the cursed +0 ice dragon scales "Tethered Together" (worn) {rElec rF- rC++ Dex+4, Dev, Cun}
   (You took it off a merfolk on level 4 of the Shoals)

   Dex+4:     It affects your dexterity (+4).
   rF-:       It makes you vulnerable to fire.
   rC++:      It greatly protects you from cold.
   rElec:     It insulates you from electricity.
   It has a curse which improves the following skills: Devices: Evocations and
   Shapeshifting.
   Cunning:   Dodging and Stealth.
 E - the cursed scarf of the Ensconced Activism (worn) {shadows, rC+ Regen+, Self, Elem}
   (You found it on level 1 of the Shoals)

   rC+:       It protects you from cold.
   Regen+:    It increases your rate of health regeneration.
   It has a curse which improves the following skills: Introspection: Fighting
   and Spellcasting.
   Elements:  Fire Magic, Ice Magic, Air Magic and Earth Magic.
 V - the cursed +0 helmet of Ashenzari's Ordeal (worn) {Dex+2 Slay+2, Self, Dev}
   (You acquired it on level 2 of the Orcish Mines)

   Dex+2:     It affects your dexterity (+2).
   Slay+2:    It affects your accuracy & damage with ranged weapons and melee
   (+2).
   It has a curse which improves the following skills: Introspection: Fighting
   and Spellcasting.
   Devices:   Evocations and Shapeshifting.
Jewellery
 a - the amulet "Guste" {Reflect rElec rPois rC+ SH+5}
   (You found it in a treasure trove)

   [amulet of reflection]

   Reflect:   It reflects blocked missile attacks.
   rC+:       It protects you from cold.
   rElec:     It insulates you from electricity.
   rPois:     It protects you from poison.
   SH+5:      It affects your SH (+5).
 c - the cursed ring of the Tethered Burden (right hand) {Wiz Will+ Dex+3, Elem, Sorc}
   (You found it on level 1 of the Shoals)

   [ring of wizardry]

   Wiz:       It improves your spell success rate.
   Dex+3:     It affects your dexterity (+3).
   Will+:     It increases your willpower.
   It has a curse which improves the following skills: Elements: Fire Magic, Ice
   Magic, Air Magic and Earth Magic.
   Sorcery:   Conjurations and Alchemy.
 f - a ring of fire
 j - the ring "Fimyxonk" {rElec rF+ Str+2 Dex+6}
   (You found it in a treasure trove)

   [ring of dexterity]

   Str+2:     It affects your strength (+2).
   Dex+6:     It affects your dexterity (+6).
   rF+:       It protects you from fire.
   rElec:     It insulates you from electricity.
 q - the cursed amulet of Supernal Wisdom (around neck) {Acrobat rPois rF+ Int+4, Self, Cun}
   (You acquired it on level 1 of the Snake Pit)

   [amulet of the acrobat]

   Acrobat:   It increases your evasion while moving and waiting.
   Int+4:     It affects your intelligence (+4).
   rF+:       It protects you from fire.
   rPois:     It protects you from poison.
   It has a curse which improves the following skills: Introspection: Fighting
   and Spellcasting.
   Cunning:   Dodging and Stealth.
 C - a ring of protection from cold
 F - a ring of protection from fire
 G - the ring "Weimin" {Str+2 Dex+6 Slay+3}
   (You found it in a treasure trove)

   [ring of dexterity]

   Str+2:     It affects your strength (+2).
   Dex+6:     It affects your dexterity (+6).
   Slay+3:    It affects your accuracy & damage with ranged weapons and melee
   (+3).
 S - an amulet of regeneration
 T - the cursed ring of Ashenzari's Annoyance (left hand) {rN++ AC+4 Str+4 Stlth+, Range, Dev}
   (You found it on level 3 of the Crypt)

   [ring of protection]

   AC+4:      It affects your AC (+4).
   Str+4:     It affects your strength (+4).
   rN++:      It greatly protects you from negative energy.
   Stlth+:    It makes you more stealthy.
   It has a curse which improves the following skills: Ranged Combat: Ranged
   Weapons and Throwing.
   Devices:   Evocations and Shapeshifting.
Wands
 o - a wand of paralysis (54)
 p - a wand of acid (30)
 s - a wand of mindburst (33)
 u - a wand of polymorph (48)
 K - a wand of flame (97)
 Q - a wand of iceblast (33)
 U - a wand of digging (30)
Scrolls
 d - 9 scrolls of fog
 k - 8 scrolls of vulnerability
 t - 7 scrolls of fear
 B - 11 scrolls of blinking
 D - a scroll of enchant weapon
 I - 5 scrolls of butterflies
 M - 23 scrolls of teleportation {@r2}
 N - 5 scrolls of immolation
 R - 7 scrolls of enchant armour
Potions
 b - 6 potions of ambrosia
 e - 23 potions of curing {@q1}
 h - 9 potions of lignification
 i - a potion of invisibility
 n - 8 potions of enlightenment
 w - 10 potions of brilliance
 x - 7 potions of might
 z - 9 potions of haste {@q3}
 H - 19 potions of mutation
 O - 3 potions of cancellation
 P - 7 potions of resistance
 W - 11 potions of heal wounds {@q2}
Miscellaneous
 g - a Gell's gravitambourine (2/2)
 m - a lightning rod (4/4)
 X - a condenser vane
 Y - a sack of spiders
 Z - a phantom mirror

Dungeon Overview and Level Annotations

Branches:
Dungeon (15/15)            Temple (1/1) D:6            Lair (5/5) D:10
 Shoals (4/4) Lair:3        Snake (4/4) Lair:2        Slime (0/5) Lair:5
    Orc (2/2) D:10            Elf (3/3) Orc:2        Vaults (5/5) D:14
  Crypt (3/3) Vaults:3       Tomb (0/3) Crypt:3      Depths (4/4) D:15
    Zot (5/5) Depths:4      Sewer (visited)         Volcano (visited)

Altars:
Ashenzari
Cheibriados
Dithmenos
Elyvilon
Fedhas
Gozag
Hepliaklqana
Makhleb
Nemelex Xobeh
Okawaru
Qazlal
Ru
Trog
Uskayaw
Wu Jian
Xom
Yredelemnul
Zin
The Shining One
Beogh
Jiyva

Shops:
D:8 (   D:12 !*!:   Orc:1 ?   Orc:2 ?[?:   Shoals:1 *   Snake:1 =?   Vaults:1 *
Vaults:3 ?   Vaults:4 [   Zot:1 *

Portals:
Hell: Depths:1 Depths:2 Depths:3 Depths:4
Abyss: Depths:3
Pandemonium: Orc:2 Depths:2
Ziggurat: Depths:2

Annotations:
D:5 2 transporters, dogverified's ghost, amateur OpSh
D:6 2 transporters
Snake:2 2 transporters
Elf:2 3 runed translucent doors, Roxanne
Zot:5 2 transporters, Oneirical's ghost, master FeAl

#.# #####.#### #.####.# #..####
#.###........#####.####.# #..##..
......###...#...........# #..##.#
#.######.......###.###..# #.#.#.#
..# #......#+###§##...# #.##...
### ##...##≈§§§≈§§##.## #......
##.###≈§§§§§§##.# ###...[
#.###≈≈...§§##.# #.#.( ##
#...§§≈.@§§....#### #.... .#
##..##≈§..§≈§#.....# #.).. .#
##...##§≈.§§≈≈#...#.# #.... .#
##.....#§.§≈§.≈#..†..# #..#. .#
##......##+###+##.....# #..#.
.####..........##.........###....
....'............................
.####.........###......##.######.
## ##.......## #.........# ##


There were no monsters in sight!


Message History

Press: ? - help, Shift-Dir - straight line A rock wall.
This square is covered in magical glow.
The rock shatters into small pieces.
Gravity stabilizes in your vacinity.
Casting: Gell's Gavotte (safe; 1% risk of failure)
Confirm with . or Enter, or press ? or * to list all spells.
Aiming: Gell's Gavotte (safe; 1% risk of failure)
Press: ? - help, Dir - move target Gravity reorients to the southeast!
Gravity stabilizes in your vacinity.
Casting: Gell's Gavotte (safe; 1% risk of failure)
Confirm with . or Enter, or press ? or * to list all spells.
Aiming: Gell's Gavotte (safe; 1% risk of failure)
Press: ? - help, Dir - move target Gravity reorients to the south!
Aiming: Dig
Press: ? - help, Shift-Dir - straight line A rock wall.
This square is covered in magical glow.
The rock shatters into small pieces.
Gravity stabilizes in your vacinity.
Casting: Gell's Gavotte (safe; 1% risk of failure)
Confirm with . or Enter, or press ? or * to list all spells.
Aiming: Gell's Gavotte (safe; 1% risk of failure)
Press: ? - help, Dir - move target Gravity reorients to the southeast!
Gravity stabilizes in your vacinity.
There is a staircase leading out of the dungeon here.
You have escaped!

Skill      XL: |  1  2  3  4  5  6  7  8  9 10 11 12 13 14 15 16 17 18 19 20 21 22 23 24 25 26 27 |
---------------+----------------------------------------------------------------------------------+-----
Spellcasting   | 4 5 6 7 9 11 12 13 15 17 18 20 21 | 21.7
Conjurations   | 4 5 6 7 9 11 12 13 15 17 18 20 21 | 21.7
Hexes          | 4 5 6 7 9 11 12 13 15 17 18 20 21 | 21.7
Summonings     | 4 5 6 7 9 11 12 13 15 17 18 20 21 | 21.7
Necromancy     | 4 5 6 7 9 11 12 13 15 17 18 20 21 | 21.7
Translocations | 4 5 6 7 9 11 12 13 15 17 18 20 21 | 21.7
Fire Magic     | 4 5 6 7 9 11 12 13 15 17 18 20 21 | 21.7
Ice Magic      | 4 5 6 7 9 11 12 13 15 17 18 20 21 | 21.7
Air Magic      | 4 5 6 7 9 11 12 13 15 17 18 20 21 | 21.7
Earth Magic    | 4 5 6 7 9 11 12 13 15 17 18 20 21 | 21.7
Alchemy        | 4 5 6 7 9 11 12 13 15 17 18 20 21 | 21.7
Fighting       | 3 5 7 9 12 13 14 17 23 | 23.6
Dodging        | 3 4 6 12 16 17 | 17.7
Stealth        | 3 |  3.0
Long Blades    | 3 6 15 | 15.1
Armour         | 4 5 12 16 17 19 | 19.1
Evocations     | 4 5 |  5.4
Shields        | 3 6 |  6.0
Shapeshifting  | 10 14 17 19 | 19.3

Action                     |  1- 3 |  4- 6 |  7- 9 | 10-12 | 13-15 | 16-18 | 19-21 | 22-24 | 25-27 || total
---------------------------+-------+-------+-------+-------+-------+-------+-------+-------+-------++-------
  Melee: Unarmed           |     1 |       |       |       |       |       |       |       |       ||     1
         Hand axe          |       |       |    10 |       |       |       |       |       |       ||    10
         Falchion          |       |       |     6 |    38 |    58 |    18 |     5 |     2 |    13 ||   140
  Throw: Dart              |       |       |       |     1 |       |       |       |       |       ||     1
   Cast: Foxfire           |    63 |    39 |   130 |   160 |   376 |       |       |       |     2 ||   770
         Scorch            |     2 |     5 |    20 |    53 |   109 |     3 |       |       |     1 ||   193
         Freeze            |     3 |       |     1 |       |       |       |       |       |       ||     4
         Searing Ray       |       |     5 |    20 |     3 |    13 |       |       |       |       ||    41
         Summon Ice Beast  |       |       |    10 |    17 |    20 |     4 |       |       |       ||    51
         Flame Wave        |       |       |     6 |    26 |    81 |     8 |     2 |     1 |     4 ||   128
         Volatile Blastmot |       |       |     3 |     4 |    36 |       |       |       |       ||    43
         Curse of Agony    |       |       |       |     5 |     3 |       |       |       |       ||     8
         Metabolic Englaci |       |       |       |       |    25 |       |       |       |       ||    25
         Inner Flame       |       |       |       |       |    15 |       |       |       |       ||    15
         Gell's Gavotte    |       |       |       |       |    78 |   165 |   130 |   149 |   420 ||   942
         Permafrost Erupti |       |       |       |       |       |   234 |   393 |   411 |   684 ||  1722
         Bombard           |       |       |       |       |       |       |    23 |    36 |   110 ||   169
         Magnavolt         |       |       |       |       |       |       |    23 |    15 |     3 ||    41
         Summon Horrible T |       |       |       |       |       |       |       |       |     5 ||     5
         Fire Storm        |       |       |       |       |       |       |       |       |   366 ||   366
 Invoke: Curse Item        |       |       |       |     2 |     7 |     4 |     1 |     1 |     2 ||    17
         Shatter the Chain |       |       |       |       |       |     4 |     1 |     1 |     2 ||     8
  Evoke: Wand              |       |       |       |       |     2 |     1 |       |       |     6 ||     9
    Use: Potion            |       |       |     1 |     3 |     1 |     1 |     1 |       |    12 ||    19
         Scroll            |       |       |     3 |     4 |     2 |     5 |     2 |       |    13 ||    29
   Stab: Sleeping          |       |       |       |       |       |       |     1 |       |     1 ||     2
 Armour: Robe              |     3 |     2 |    21 |       |       |       |       |       |       ||    26
         Skin              |       |       |     9 |       |       |       |       |       |       ||     9
         Troll leather arm |       |       |     9 |    75 |   140 |    53 |    58 |     9 |       ||   344
         Ice dragon scales |       |       |       |       |       |       |       |    58 |   197 ||   255
  Dodge: Dodged            |     4 |     1 |    30 |    54 |    83 |    28 |    63 |    46 |   147 ||   456
  Block: Other             |       |       |       |    17 |     9 |       |       |       |       ||    26
         Buckler           |       |       |       |       |    30 |    31 |    14 |    15 |    31 ||   121
         Reflection        |       |       |       |       |       |    10 |       |       |       ||    10
         Form:             |       |       |       |       |       |       |       |       |     1 ||     1
         Statue            |       |       |       |       |       |       |       |       |     1 ||     1
         Death             |       |       |       |       |       |       |       |       |     1 ||     1

Levels and vault maps discovered:
D:1:      ncdulo_lavacross, layout_loops_corners
D:2:      layout_basic, grunt_decor_cap, uniq_natasha
D:3:      layout_loops_ring, hellmonk_ecumenical_altar_leap_of_faith,
          grunt_ministairs_9, minmay_misc_feat_nine_boxes, serial_bayou_lake_a,
          uniq_grinder
D:4:      minmay_skewed_foursquare, layout_loops_ring,
          nicolae_underground_beach, uniq_robin, uniq_eustachio
D:5:      layout_rooms, gammafunk_ghost_hive,
          mainiacjoe_sewer_entry_somewhere_in_here_2
D:6:      gammafunk_wand_slinger, layout_loops_ring,
          minmay_temple_entry_antechambers, serial_demonic, serial_demonic_e,
          serial_demonic_a, serial_demonic_d, serial_demonic_g,
          serial_demonic_d, serial_demonic_f, minmay_statues_item
D:7:      layout_basic, mainiacjoe_overflow_surrounded_room,
          mainiacjoe_overflow_boulevard, grunt_ministairs_6
D:8:      regret_index_malice_mire, layout_loops_cross,
          chequers_temple_overflow_minitemple, serial_shops, shop,
          serial_park_tiny_1
D:9:      minmay_quarter_circles, layout_basic, good_gods_mini_temple,
          uniq_harold
D:10:     layout_loops_ring, general_overflow_altar, hellmonk_lair_entry_icy
D:11:     layout_cave_pools
D:12:     layout_gridville, serial_shops, shop, nicolae_shop_tiny_waterfront,
          shop, nicolae_take_the_stairs
D:13:     layout_cave_pools, uniq_snorg
D:14:     layout_basic, grunt_vaults_entry_tiered, bloody_trog
D:15:     gammafunk_depths_entry_grave, layout_grid_maze, billiards_dpeg,
          uniq_jorgrun
Temple:   nicolae_temple_bog_church
Lair:1:   layout_cave_shapes, nicolae_quartered_pool_super
Lair:2:   layout_gridlike, nicolae_snake_entry_squirm, serial_rivers,
          chequers_serial_rivers_marsh, chequers_serial_rivers_small_b,
          chequers_serial_rivers_room_b, chequers_serial_rivers_small_a,
          chequers_serial_rivers_micro_a, infiniplex_staircase_pool
Lair:3:   lemuel_slime, layout_long_grid, minmay_shoals_entry_beasts,
          minmay_stone_trees_large, nicolae_lair_grazing_beasts
          [nicolae_sub_lair_graze_edge, nicolae_sub_lair_graze_edge,
          nicolae_sub_lair_graze_edge, nicolae_sub_lair_graze_edge]
Lair:4:   layout_small_grid, pdpol_lair_cavern_descent, serial_bayou_shore_a
Lair:5:   due_jungle_book, layout_long_grid, nicolae_slime_entry_field_trip,
          enter_volcano_1, fungi_pond_lemuel, grunt_forest_large_clearings,
          grunt_megastairs_2, uniq_rupert
Shoals:1: dreamdust_from_the_deep, layout_shoals, nicolae_shop_clearance
Shoals:2: layout_shoals, uniq_ilsuiw
Shoals:3: layout_shoals, uniq_nikola
Shoals:4: shoals_end_hellmonk_storm_palace [storm_palace_center_ruins,
          storm_palace_corner_grid, storm_palace_corner_altar,
          storm_palace_corner_blocked, storm_palace_corner_grid], uniq_louise
Snake:1:  layout_layer_cave, serial_shops, shop, shop
Snake:2:  gammafunk_its_a_trap, layout_gridlike
Snake:3:  layout_basic, st_stairs_13
Snake:4:  snake_pit_salamanders_mu, layout_chambers, serial_bayou_shore_b,
          grunt_megastairs_3
Orc:1:    layout_caves, serial_shops, shop, uniq_erolcha
Orc:2:    pf_orc_diabolical, layout_caves, basic_altar, elves_outpost_lemuel
Elf:1:    layout_onion_city, gammafunk_ghost_split, uniq_azrael
Elf:2:    elven_hall_of_blades_hangedman_original
          [nicolae_blade_entry_floor_patterns], layout_loops_corners,
          portal_desolation_entry_nicolae_nacl, minivault_4, uniq_zenata,
          uniq_saint_roka, uniq_roxanne
Elf:3:    elf_hall_gauntlet_narrow, layout_onion_city,
          nicolae_elf_archery_training
Vaults:1: hangedman_vaults_nodes, nicolae_vaults_shelves_hall,
          vaults_dpeg_emergency_exit, st_diamondy,
          nicolae_vaults_network_quinsquares
          [nicolae_vaults_network_quincunx_subvault,
          nicolae_vaults_network_quincunx_subvault,
          nicolae_vaults_network_quincunx_subvault,
          nicolae_vaults_network_quincunx_subvault], v_pattern_1,
          grunt_vaults_focal, v_alt_pattern_1, nicolae_vaults_house_3,
          hangedman_vaults_stitches, nicolae_vaults_apartment_2,
          nicolae_vaults_house_3, layout_vaults_ring, enter_trove_0,
          serial_shops, shop
Vaults:2: nicolae_vaults_sesquioval_fish, ontoclasm_vaults_misaligned,
          nicolae_vaults_closet_pinwheel_3, nicolae_vaults_tetromino_T_1,
          nicolae_vaults_ellipses_ellipsis, nicolae_vaults_closet_pinwheel_2,
          vaults_room_door_hall, ontoclasm_vaults_fault, layout_vaults_omnigrid
Vaults:3: ontoclasm_vaults_twist, vaults_room_ringed_pool, vaults_dpeg_doors,
          ontoclasm_vaults_echo, v_alt_pattern_4,
          minmay_crypt_entry_simple_round, vaults_mumra_minichess_inversion,
          nicolae_vaults_house_3, layout_vaults_chaotic_city, serial_shops,
          shop, uniq_donald
Vaults:4: nicolae_vaults_disjoint_gnomons, hangedman_vaults_variations,
          nicolae_vaults_taking_the_gang_shopping,
          nicolae_vaults_closet_pinwheel_5, grunt_vaults_trifunnel,
          vaults_room_boxed, v_misc_22, nicolae_vaults_cochlea, v_misc_8,
          nicolae_vaults_variable_pillar_hall, st_lines, ontoclasm_vaults_pinch,
          nicolae_vaults_storage_room_glass, nicolae_vaults_cochlea,
          nicolae_vaults_tetromino_L_1, layout_vaults_big_cross
Vaults:5
Crypt:1:  layout_misc_corridors
Crypt:2:  layout_basic
Crypt:3:  grunt_crypt_end_deaths_head, uniq_khufu
Depths:1: minmay_inside_and_out, layout_gridlike, grunt_hell_entry_dis_mu,
          lemuel_statue_altar, lemuel_flamethrower_3
Depths:2: nicolae_cairo_tiling_large_dashed, layout_cave_pools,
          enter_ziggurat_a, pan_entry, hell_entry, minmay_misc_feat_roman,
          grunt_qazlal_sundering
Depths:3: radiant_caverns_b_rkd, hell_entry, abyss_entry
Depths:4: evilmike_zot_entry_gauntlet, layout_basic, grunt_mini_vestibule,
          chequers_big_river
Zot:1:    layout_misc_corridors, regret_index_zotdec_ex,
          nicolae_transmutations_shop, nzn_random_ring
Zot:2:    layout_gridlike, hangedman_zot_decor_checkerboard,
          hangedman_player_shredder
Zot:3:    dreamdust_black_sun_cult, layout_cathedral_of_symmetry
Zot:4:    dreamdust_zin_vs_xom, layout_misc_corridors,
          regret_index_zotdec_stipple_waver
Zot:5:    layout_gridville, gammafunk_ghost_arena

Notes
Turn   | Place    | Note
-------+----------+-------------------------------------------
     0 | D:1      | Drazool the Djinni Fire Elementalist began the quest for
                  | the Orb.
     0 | D:1      | Drazool set off with the following spells memorised:
                  | Foxfire, Scorch, Volatile Blastmotes, Inner Flame, Flame
                  | Wave.
     0 | D:1      | Reached XP level 1. HP: 15/15 MP: 0/0
   196 | D:1      | Reached XP level 2. HP: 19/21 MP: 0/0
   714 | D:1      | Reached XP level 3. HP: 23/25 MP: 0/0
   714 | D:1      | Learned a level 1 spell: Freeze
  1027 | D:2      | Reached skill level 4 in Spellcasting
  1027 | D:2      | Reached skill level 4 in Conjurations
  1027 | D:2      | Reached skill level 4 in Hexes
  1027 | D:2      | Reached skill level 4 in Summonings
  1027 | D:2      | Reached skill level 4 in Necromancy
  1027 | D:2      | Reached skill level 4 in Translocations
  1027 | D:2      | Reached skill level 4 in Fire Magic
  1027 | D:2      | Reached skill level 4 in Ice Magic
  1027 | D:2      | Reached skill level 4 in Air Magic
  1027 | D:2      | Reached skill level 4 in Earth Magic
  1027 | D:2      | Reached skill level 4 in Alchemy
  1182 | D:2      | Noticed Natasha
  1189 | D:2      | Killed Natasha
  1190 | D:2      | Reached XP level 4. HP: 26/31 MP: 0/0
  1407 | D:2      | Noticed Natasha
  1415 | D:2      | Killed Natasha
  1416 | D:2      | Reached XP level 5. HP: 31/35 MP: 0/0
  1416 | D:2      | Learned a level 2 spell: Searing Ray
  1726 | D:2      | Noticed Natasha
  1731 | D:2      | Killed Natasha
  1860 | D:3      | Reached skill level 5 in Spellcasting
  1860 | D:3      | Reached skill level 5 in Conjurations
  1860 | D:3      | Reached skill level 5 in Hexes
  1860 | D:3      | Reached skill level 5 in Summonings
  1860 | D:3      | Reached skill level 5 in Necromancy
  1860 | D:3      | Reached skill level 5 in Translocations
  1860 | D:3      | Reached skill level 5 in Fire Magic
  1860 | D:3      | Reached skill level 5 in Ice Magic
  1860 | D:3      | Reached skill level 5 in Air Magic
  1860 | D:3      | Reached skill level 5 in Earth Magic
  1860 | D:3      | Reached skill level 5 in Alchemy
  1911 | D:3      | Noticed Grinder
  1919 | D:3      | Killed Grinder
  1920 | D:3      | Reached skill level 3 in Fighting
  1920 | D:3      | Reached skill level 3 in Dodging
  1920 | D:3      | Reached XP level 6. HP: 41/46 MP: 0/0
  1961 | D:3      | Found a faded altar of an unknown god.
  2069 | D:3      | Reached XP level 7. HP: 48/50 MP: 0/0
  2069 | D:3      | Learned a level 3 spell: Summon Ice Beast
  2329 | D:3      | Reached skill level 4 in Dodging
  2559 | D:4      | Reached skill level 2 in Stealth
  2671 | D:4      | Reached skill level 3 in Stealth
  2827 | D:4      | Noticed Robin
  2833 | D:4      | Killed Robin
  2844 | D:4      | HP: 7/75 [scorpion (6)]
  3128 | D:4      | Noticed Eustachio
  3133 | D:4      | Killed Eustachio
  3134 | D:4      | Reached skill level 6 in Spellcasting
  3134 | D:4      | Reached skill level 6 in Conjurations
  3134 | D:4      | Reached skill level 6 in Hexes
  3134 | D:4      | Reached skill level 6 in Summonings
  3134 | D:4      | Reached skill level 6 in Necromancy
  3134 | D:4      | Reached skill level 6 in Translocations
  3134 | D:4      | Reached skill level 6 in Fire Magic
  3134 | D:4      | Reached skill level 6 in Ice Magic
  3134 | D:4      | Reached skill level 6 in Air Magic
  3134 | D:4      | Reached skill level 6 in Earth Magic
  3134 | D:4      | Reached skill level 6 in Alchemy
  3134 | D:4      | Reached XP level 8. HP: 52/56 MP: 0/0
  3314 | D:4      | Identified the +1 hand axe "Cuowaw" {holy, rN+ Int+3}
  3647 | D:5      | Entered Level 5 of the Dungeon
  3661 | D:5      | You are sucked into a shaft and drop 1 floor!
  3796 | D:5      | Found a glowing drain.
  3819 | Sewer    | Entered a sewer
  3895 | Sewer    | Noticed Pargi
  3902 | Sewer    | Killed Pargi
  3903 | Sewer    | Reached skill level 7 in Spellcasting
  3903 | Sewer    | Reached skill level 7 in Conjurations
  3903 | Sewer    | Reached skill level 7 in Hexes
  3903 | Sewer    | Reached skill level 7 in Summonings
  3903 | Sewer    | Reached skill level 7 in Necromancy
  3903 | Sewer    | Reached skill level 7 in Translocations
  3903 | Sewer    | Reached skill level 7 in Fire Magic
  3903 | Sewer    | Reached skill level 7 in Ice Magic
  3903 | Sewer    | Reached skill level 7 in Air Magic
  3903 | Sewer    | Reached skill level 7 in Earth Magic
  3903 | Sewer    | Reached skill level 7 in Alchemy
  4130 | D:5      | Found a transporter.
  4131 | D:5      | Found a transporter.
  4133 | D:5      | Noticed dogverified's ghost (amateur OpSh)
  4134 | D:5      | Noticed a hornet
  4248 | D:5      | Reached skill level 4 in Fighting
  4542 | D:6      | Reached skill level 5 in Fighting
  4542 | D:6      | Reached XP level 9. HP: 64/65 MP: 0/0
  4542 | D:6      | Learned a level 3 spell: Swiftness
  4595 | D:6      | Reached skill level 1 in Long Blades
  4604 | D:6      | Reached skill level 2 in Long Blades
  4661 | D:6      | Reached skill level 3 in Long Blades
  4671 | D:6      | Noticed a kobold demonologist
  4676 | D:6      | Noticed a kobold demonologist
  4677 | D:6      | Found a transporter.
  4835 | D:6      | Found a staircase to the Ecumenical Temple.
  4844 | Temple   | Entered the Ecumenical Temple
  4915 | D:6      | Reached skill level 8 in Spellcasting
  4915 | D:6      | Reached skill level 8 in Conjurations
  4915 | D:6      | Reached skill level 8 in Hexes
  4915 | D:6      | Reached skill level 8 in Summonings
  4915 | D:6      | Reached skill level 8 in Necromancy
  4915 | D:6      | Reached skill level 8 in Translocations
  4915 | D:6      | Reached skill level 8 in Fire Magic
  4915 | D:6      | Reached skill level 8 in Ice Magic
  4915 | D:6      | Reached skill level 8 in Air Magic
  4915 | D:6      | Reached skill level 8 in Earth Magic
  4915 | D:6      | Reached skill level 8 in Alchemy
  4922 | D:6      | Found a transporter.
  5247 | D:7      | Reached skill level 9 in Spellcasting
  5247 | D:7      | Reached skill level 9 in Conjurations
  5247 | D:7      | Reached skill level 9 in Hexes
  5247 | D:7      | Reached skill level 9 in Summonings
  5247 | D:7      | Reached skill level 9 in Necromancy
  5247 | D:7      | Reached skill level 9 in Translocations
  5247 | D:7      | Reached skill level 9 in Fire Magic
  5247 | D:7      | Reached skill level 9 in Ice Magic
  5247 | D:7      | Reached skill level 9 in Air Magic
  5247 | D:7      | Reached skill level 9 in Earth Magic
  5247 | D:7      | Reached skill level 9 in Alchemy
  5247 | D:7      | Reached XP level 10. HP: 67/70 MP: 0/0
  5356 | D:7      | Reached skill level 6 in Fighting
  5550 | D:7      | Reached skill level 7 in Fighting
  5769 | D:7      | Reached skill level 1 in Armour
  5845 | D:7      | Reached skill level 2 in Armour
  5846 | D:7      | Found a broken altar of Ashenzari.
  5854 | D:7      | Became a worshipper of Ashenzari the Shackled
  5938 | D:8      | Reached skill level 3 in Armour
  5972 | D:8      | Found Guxum's Weapon Emporium.
  6120 | D:8      | Reached skill level 4 in Armour
  6120 | D:8      | Noticed a two-headed ogre
  6123 | D:8      | Reached skill level 1 in Evocations
  6132 | D:8      | Killed a two-headed ogre
  6133 | D:8      | Reached skill level 3 in Evocations
  6176 | D:8      | Reached skill level 4 in Evocations
  6213 | D:8      | Reached XP level 11. HP: 65/79 MP: 0/0
  6213 | D:8      | Learned a level 5 spell: Curse of Agony
  6329 | D:8      | Reached skill level 10 in Spellcasting
  6329 | D:8      | Reached skill level 10 in Conjurations
  6329 | D:8      | Reached skill level 10 in Hexes
  6329 | D:8      | Reached skill level 10 in Summonings
  6329 | D:8      | Reached skill level 10 in Necromancy
  6329 | D:8      | Reached skill level 10 in Translocations
  6329 | D:8      | Reached skill level 10 in Fire Magic
  6329 | D:8      | Reached skill level 10 in Ice Magic
  6329 | D:8      | Reached skill level 10 in Air Magic
  6329 | D:8      | Reached skill level 10 in Earth Magic
  6329 | D:8      | Reached skill level 10 in Alchemy
  6709 | D:8      | Noticed a two-headed ogre
  6719 | D:8      | Killed a two-headed ogre
  6763 | D:8      | Found a sparkling altar of Nemelex Xobeh.
  6763 | D:8      | Found a burning altar of Makhleb.
  6771 | D:8      | Found a hazy altar of Hepliaklqana.
  6773 | D:8      | Found a faded altar of an unknown god.
  6775 | D:8      | Found a faded altar of an unknown god.
  6864 | D:9      | Noticed Harold
  6875 | D:9      | Killed Harold
  6998 | D:9      | Reached skill level 11 in Spellcasting
  6998 | D:9      | Reached skill level 11 in Conjurations
  6998 | D:9      | Reached skill level 11 in Hexes
  6998 | D:9      | Reached skill level 11 in Summonings
  6998 | D:9      | Reached skill level 11 in Necromancy
  6998 | D:9      | Reached skill level 11 in Translocations
  6998 | D:9      | Reached skill level 11 in Fire Magic
  6998 | D:9      | Reached skill level 11 in Ice Magic
  6998 | D:9      | Reached skill level 11 in Air Magic
  6998 | D:9      | Reached skill level 11 in Earth Magic
  6998 | D:9      | Reached skill level 11 in Alchemy
  7124 | D:9      | Reached skill level 4 in Long Blades
  7295 | D:9      | Reached * piety under Ashenzari
  7295 | D:9      | Identified a potion of experience
  7295 | D:9      | Identified a scroll of acquirement
  7554 | D:9      | Reached skill level 5 in Long Blades
  7657 | D:9      | Reached skill level 6 in Long Blades
  7663 | D:9      | Noticed a boulder beetle
  7683 | D:9      | Killed a boulder beetle
  7684 | D:9      | Reached XP level 12. HP: 72/85 MP: 0/0
  7799 | D:9      | Reached skill level 5 in Evocations
  7838 | D:9      | Noticed a two-headed ogre
  7874 | D:9      | Killed a two-headed ogre
  7908 | D:9      | Noticed a centaur warrior
  7915 | D:9      | HP: 8/85 [centaur warrior/+0 dire flail (19)]
  7924 | D:9      | Killed a centaur warrior
  7927 | D:9      | Reached skill level 9 in Fighting
  7927 | D:9      | Reached skill level 12 in Spellcasting
  7927 | D:9      | Reached skill level 12 in Conjurations
  7927 | D:9      | Reached skill level 12 in Hexes
  7927 | D:9      | Reached skill level 12 in Summonings
  7927 | D:9      | Reached skill level 12 in Necromancy
  7927 | D:9      | Reached skill level 12 in Translocations
  7927 | D:9      | Reached skill level 12 in Fire Magic
  7927 | D:9      | Reached skill level 12 in Ice Magic
  7927 | D:9      | Reached skill level 12 in Air Magic
  7927 | D:9      | Reached skill level 12 in Earth Magic
  7927 | D:9      | Reached skill level 12 in Alchemy
  7927 | D:9      | Reached XP level 13. HP: 43/94 MP: 0/0
  7927 | D:9      | Learned a level 5 spell: Metabolic Englaciation
  8221 | D:9      | Found a glowing golden altar of the Shining One.
  8224 | D:9      | Found a glowing silver altar of Zin.
  8225 | D:9      | Found a white marble altar of Elyvilon.
  8272 | D:10     | Entered Level 10 of the Dungeon
  8519 | D:10     | Found a staircase to the Lair.
  8541 | D:10     | Reached ** piety under Ashenzari
  8608 | D:10     | Reached skill level 13 in Spellcasting
  8608 | D:10     | Reached skill level 13 in Conjurations
  8608 | D:10     | Reached skill level 13 in Hexes
  8608 | D:10     | Reached skill level 13 in Summonings
  8608 | D:10     | Reached skill level 13 in Necromancy
  8608 | D:10     | Reached skill level 13 in Translocations
  8608 | D:10     | Reached skill level 13 in Fire Magic
  8608 | D:10     | Reached skill level 13 in Ice Magic
  8608 | D:10     | Reached skill level 13 in Air Magic
  8608 | D:10     | Reached skill level 13 in Earth Magic
  8608 | D:10     | Reached skill level 13 in Alchemy
  8864 | D:10     | Found a staircase to the Orcish Mines.
  9068 | Lair:1   | Entered Level 1 of the Lair of Beasts
  9178 | Lair:1   | Reached *** piety under Ashenzari
  9274 | Lair:1   | Reached skill level 10 in Fighting
  9434 | Lair:1   | Reached skill level 11 in Fighting
  9780 | Lair:1   | Identified 2 potions of resistance
 10128 | Lair:2   | Reached **** piety under Ashenzari
 10278 | Lair:2   | Found a staircase to the Snake Pit.
 10408 | Lair:2   | Reached skill level 12 in Fighting
 10574 | Lair:2   | Reached ***** piety under Ashenzari
 10764 | Lair:3   | Reached XP level 14. HP: 91/112 MP: 0/0
 10940 | Lair:3   | Reached skill level 5 in Dodging
 10966 | Lair:3   | Reached skill level 6 in Dodging
 11360 | Lair:3   | Acquired the +0 buckler "Jumaunips" {rCorr}
 11373 | Lair:3   | Reached ****** piety under Ashenzari
 11565 | Lair:3   | Reached skill level 14 in Spellcasting
 11565 | Lair:3   | Reached skill level 14 in Conjurations
 11565 | Lair:3   | Reached skill level 14 in Hexes
 11565 | Lair:3   | Reached skill level 14 in Summonings
 11565 | Lair:3   | Reached skill level 14 in Necromancy
 11565 | Lair:3   | Reached skill level 14 in Translocations
 11565 | Lair:3   | Reached skill level 14 in Fire Magic
 11565 | Lair:3   | Reached skill level 14 in Ice Magic
 11565 | Lair:3   | Reached skill level 14 in Air Magic
 11565 | Lair:3   | Reached skill level 14 in Earth Magic
 11565 | Lair:3   | Reached skill level 14 in Alchemy
 11673 | Lair:3   | Found a staircase to the Shoals.
 12790 | Lair:4   | Reached skill level 15 in Spellcasting
 12790 | Lair:4   | Reached skill level 15 in Conjurations
 12790 | Lair:4   | Reached skill level 15 in Hexes
 12790 | Lair:4   | Reached skill level 15 in Summonings
 12790 | Lair:4   | Reached skill level 15 in Necromancy
 12790 | Lair:4   | Reached skill level 15 in Translocations
 12790 | Lair:4   | Reached skill level 15 in Fire Magic
 12790 | Lair:4   | Reached skill level 15 in Ice Magic
 12790 | Lair:4   | Reached skill level 15 in Air Magic
 12790 | Lair:4   | Reached skill level 15 in Earth Magic
 12790 | Lair:4   | Reached skill level 15 in Alchemy
 12790 | Lair:4   | Reached XP level 15. HP: 116/120 MP: 0/0
 12790 | Lair:4   | Learned a level 6 spell: Gell's Gavotte
 12887 | Lair:4   | Identified the +6 great sword "Hyluigalish" {antimagic,
                  | rElec rN+}
 12887 | Lair:4   | Identified the +9 plate armour "Udine" {Will- Int+5}
 13327 | Lair:5   | Entered Level 5 of the Lair of Beasts
 13334 | Lair:5   | Noticed Rupert
 13426 | Lair:5   | Found a staircase to the Slime Pits.
 13550 | Lair:5   | Reached skill level 16 in Spellcasting
 13550 | Lair:5   | Reached skill level 16 in Conjurations
 13550 | Lair:5   | Reached skill level 16 in Hexes
 13550 | Lair:5   | Reached skill level 16 in Summonings
 13550 | Lair:5   | Reached skill level 16 in Necromancy
 13550 | Lair:5   | Reached skill level 16 in Translocations
 13550 | Lair:5   | Reached skill level 16 in Fire Magic
 13550 | Lair:5   | Reached skill level 16 in Ice Magic
 13550 | Lair:5   | Reached skill level 16 in Air Magic
 13550 | Lair:5   | Reached skill level 16 in Earth Magic
 13550 | Lair:5   | Reached skill level 16 in Alchemy
 13573 | Lair:5   | Found a dark tunnel.
 13584 | Volcano  | Entered a volcano
 13960 | Lair:5   | Found a viscous altar of Jiyva.
 14275 | Lair:5   | Killed Rupert
 14626 | Lair:5   | Identified the +0 buckler of the Fiddle {+Inv Regen+ rCorr}
 14833 | Lair:5   | Reached skill level 17 in Spellcasting
 14833 | Lair:5   | Reached skill level 17 in Conjurations
 14833 | Lair:5   | Reached skill level 17 in Hexes
 14833 | Lair:5   | Reached skill level 17 in Summonings
 14833 | Lair:5   | Reached skill level 17 in Necromancy
 14833 | Lair:5   | Reached skill level 17 in Translocations
 14833 | Lair:5   | Reached skill level 17 in Fire Magic
 14833 | Lair:5   | Reached skill level 17 in Ice Magic
 14833 | Lair:5   | Reached skill level 17 in Air Magic
 14833 | Lair:5   | Reached skill level 17 in Earth Magic
 14833 | Lair:5   | Reached skill level 17 in Alchemy
 14853 | Lair:5   | Reached XP level 16. HP: 109/126 MP: 0/0
 14877 | Lair:5   | Reached skill level 13 in Fighting
 14877 | Lair:5   | Reached XP level 17. HP: 135/135 MP: 0/0
 14877 | Lair:5   | Learned a level 6 spell: Permafrost Eruption
 15258 | Orc:1    | Entered Level 1 of the Orcish Mines
 15258 | Orc:1    | Found Qiasm's Magic Scroll Shop.
 15298 | Orc:1    | Bought a scroll of butterflies for 68 gold pieces
 15539 | Orc:2    | Entered Level 2 of the Orcish Mines
 15549 | Orc:2    | Found a staircase to the Elven Halls.
 15589 | Orc:2    | Reached skill level 14 in Fighting
 15831 | Orc:2    | Found Gugics's Magic Scroll Boutique.
 15855 | Orc:2    | Found Qolamouh's Magic Scroll Shop.
 15862 | Orc:2    | Bought a scroll of acquirement for 676 gold pieces
 15862 | Orc:2    | Acquired 980 gold pieces
 16296 | Orc:2    | Found Orioh's Book Emporium.
 16296 | Orc:2    | Found Loyxit's Antique Armour Shoppe.
 16297 | Orc:2    | Found a one-way gate leading to the halls of Pandemonium.
 16459 | Orc:2    | Found a roughly hewn altar of Beogh.
 16700 | Orc:2    | Bought 3 scrolls of acquirement for 2028 gold pieces
 16700 | Orc:2    | Acquired 759 gold pieces
 16702 | Orc:2    | Acquired the +0 helmet of the Game of Life {Dex+2 Slay+2}
 16716 | Orc:2    | Acquired 882 gold pieces
 16757 | Orc:1    | Noticed Erolcha
 16880 | Orc:1    | Killed Erolcha
 17485 | D:12     | Found Xynea's Distillery.
 17505 | D:12     | Reached skill level 18 in Spellcasting
 17505 | D:12     | Reached skill level 18 in Conjurations
 17505 | D:12     | Reached skill level 18 in Hexes
 17505 | D:12     | Reached skill level 18 in Summonings
 17505 | D:12     | Reached skill level 18 in Necromancy
 17505 | D:12     | Reached skill level 18 in Translocations
 17505 | D:12     | Reached skill level 18 in Fire Magic
 17505 | D:12     | Reached skill level 18 in Ice Magic
 17505 | D:12     | Reached skill level 18 in Air Magic
 17505 | D:12     | Reached skill level 18 in Earth Magic
 17505 | D:12     | Reached skill level 18 in Alchemy
 17602 | D:12     | Found Efaol's Book Shoppe.
 17707 | D:12     | Found Hivozekk's General Store.
 17717 | D:12     | Bought a wand of iceblast (4) for 172 gold pieces
 17890 | D:12     | Found Jewnupn's Distillery.
 18245 | D:13     | Noticed Snorg
 18288 | D:13     | Killed Snorg
 18647 | D:14     | Reached XP level 18. HP: 128/144 MP: 0/0
 18668 | D:14     | Identified the +0 robe of the Imp {rC+ Slay+3}
 18698 | D:14     | Found a gate to the Vaults.
 18934 | D:14     | Found a bloodstained altar of Trog.
 19549 | D:15     | Entered Level 15 of the Dungeon
 19577 | D:15     | Reached skill level 19 in Spellcasting
 19577 | D:15     | Reached skill level 19 in Conjurations
 19577 | D:15     | Reached skill level 19 in Hexes
 19577 | D:15     | Reached skill level 19 in Summonings
 19577 | D:15     | Reached skill level 19 in Necromancy
 19577 | D:15     | Reached skill level 19 in Translocations
 19577 | D:15     | Reached skill level 19 in Fire Magic
 19577 | D:15     | Reached skill level 19 in Ice Magic
 19577 | D:15     | Reached skill level 19 in Air Magic
 19577 | D:15     | Reached skill level 19 in Earth Magic
 19577 | D:15     | Reached skill level 19 in Alchemy
 19589 | D:15     | Found a staircase to the Depths.
 19894 | D:15     | Noticed Jorgrun
 19904 | D:15     | Killed Jorgrun
 20727 | Snake:1  | Entered Level 1 of the Snake Pit
 20727 | Snake:1  | Found Vuimoc's Magic Scroll Boutique.
 20730 | Snake:1  | Bought a scroll of acquirement for 624 gold pieces
 20733 | Snake:1  | Acquired the amulet "Voavuvof" {Acrobat rPois rF+ Int+4}
 20742 | Snake:1  | Identified the Exposition on Congelation and Terrain
 20837 | Snake:1  | Found Fethabb's Jewellery Shop.
 21441 | Snake:2  | Found a transporter.
 21485 | Snake:2  | Found a transporter.
 21485 | Snake:2  | Identified the ring "Iptibaf" {Wiz Dex+4}
 22232 | Snake:3  | Reached skill level 20 in Spellcasting
 22232 | Snake:3  | Reached skill level 20 in Conjurations
 22232 | Snake:3  | Reached skill level 20 in Hexes
 22232 | Snake:3  | Reached skill level 20 in Summonings
 22232 | Snake:3  | Reached skill level 20 in Necromancy
 22232 | Snake:3  | Reached skill level 20 in Translocations
 22232 | Snake:3  | Reached skill level 20 in Fire Magic
 22232 | Snake:3  | Reached skill level 20 in Ice Magic
 22232 | Snake:3  | Reached skill level 20 in Air Magic
 22232 | Snake:3  | Reached skill level 20 in Earth Magic
 22232 | Snake:3  | Reached skill level 20 in Alchemy
 22603 | Snake:3  | Reached XP level 19. HP: 125/153 MP: 0/0
 22603 | Snake:3  | Learned a level 6 spell: Bombard
 23034 | Snake:4  | Entered Level 4 of the Snake Pit
 23611 | Snake:4  | Reached skill level 21 in Spellcasting
 23611 | Snake:4  | Reached skill level 21 in Conjurations
 23611 | Snake:4  | Reached skill level 21 in Hexes
 23611 | Snake:4  | Reached skill level 21 in Summonings
 23611 | Snake:4  | Reached skill level 21 in Necromancy
 23611 | Snake:4  | Reached skill level 21 in Translocations
 23611 | Snake:4  | Reached skill level 21 in Fire Magic
 23611 | Snake:4  | Reached skill level 21 in Ice Magic
 23611 | Snake:4  | Reached skill level 21 in Air Magic
 23611 | Snake:4  | Reached skill level 21 in Earth Magic
 23611 | Snake:4  | Reached skill level 21 in Alchemy
 23950 | Snake:4  | Reached skill level 7 in Dodging
 24009 | Snake:4  | Reached skill level 8 in Dodging
 24163 | Snake:4  | Reached skill level 9 in Dodging
 24218 | Snake:4  | Reached skill level 10 in Dodging
 24265 | Snake:4  | Reached skill level 11 in Dodging
 24547 | Snake:4  | Got a serpentine rune of Zot
 24770 | Shoals:1 | Entered Level 1 of the Shoals
 24798 | Shoals:1 | Identified the scarf of Sif Muna {shadows, rC+ Regen+}
 24869 | Shoals:1 | Reached skill level 12 in Dodging
 24884 | Shoals:1 | Reached XP level 20. HP: 152/158 MP: 0/0
 24887 | Shoals:1 | Noticed a tentacled monstrosity
 24892 | Shoals:1 | Killed a tentacled monstrosity
 24908 | Shoals:1 | Identified Wukkucep's Tome of Mad Ravings
 24908 | Shoals:1 | Identified the ring "Noubruen" {Wiz Will+ Dex+3}
 24976 | Shoals:1 | Found Yckittac's CLEARANCE SALE!.
 25000 | Shoals:1 | Reached skill level 13 in Dodging
 25792 | Shoals:2 | Reached skill level 14 in Dodging
 25878 | Shoals:2 | Noticed Ilsuiw
 25883 | Shoals:2 | Killed Ilsuiw
 26097 | Shoals:2 | Reached skill level 15 in Dodging
 26693 | Shoals:3 | Noticed Nikola
 26714 | Shoals:3 | Killed Nikola
 26799 | Shoals:3 | Reached skill level 16 in Dodging
 27391 | Shoals:4 | Entered Level 4 of the Shoals
 27391 | Shoals:4 | Found a blossoming altar of Fedhas.
 27540 | Shoals:4 | Reached skill level 5 in Armour
 27674 | Shoals:4 | Reached XP level 21. HP: 158/168 MP: 0/0
 27674 | Shoals:4 | Learned a level 7 spell: Magnavolt
 27675 | Shoals:4 | Identified the +0 robe of the Lost Path {rCorr Dex+4}
 27681 | Shoals:4 | Identified the amulet "Pemessem" {Spirit -Cast ^Contam
                  | Str+7 SInv}
 27721 | Shoals:4 | Identified the +0 leather armour of the Horehound {Fly
                  | Int-5 Slay+3}
 27773 | Shoals:4 | Noticed Louise
 27777 | Shoals:4 | Killed Louise
 27789 | Shoals:4 | Identified the +0 ice dragon scales of Gozag, Uplifting
                  | {rElec rF- rC++ Dex+4}
 27804 | Shoals:4 | Upgraded the game from 0.32-a0-961-gd60f5e5fc7 to
                  | 0.32-a0-975-g85d4e5bfdb
 27809 | Shoals:4 | Found the +3 Mad Mage's Maulers {Infuse+∞ VampMP -Cast}
 27810 | Shoals:4 | Got a barnacled rune of Zot
 27977 | Shoals:4 | Paralysed by an air elemental for 1 turns
 28025 | Shoals:4 | Paralysed by an air elemental for 1 turns
 28394 | Elf:1    | Entered Level 1 of the Elven Halls
 28403 | Elf:1    | Found a runed translucent gate.
 28406 | Elf:1    | Identified the Atlas of the Venomous Inferno
 28409 | Elf:1    | Noticed Edofruc's ghost (adept DrMo)
 28410 | Elf:1    | Found a runed translucent gate.
 28410 | Elf:1    | Found a runed translucent gate.
 28410 | Elf:1    | Noticed Azrael
 28412 | Elf:1    | Killed Azrael
 28602 | Elf:1    | Reached skill level 15 in Fighting
 29474 | Elf:1    | Killed Edofruc's ghost
 29554 | Elf:2    | Noticed Zenata
 29554 | Elf:2    | Noticed Saint Roka
 29571 | Elf:1    | Killed Zenata
 29671 | Elf:2    | Reached skill level 16 in Fighting
 29731 | Elf:2    | Noticed Roxanne
 29776 | Elf:2    | Found a crumbling gateway.
 29801 | Elf:2    | Killed Saint Roka
 29955 | Elf:2    | Found a runed translucent gate.
 29955 | Elf:2    | Found a runed translucent gate.
 29955 | Elf:2    | Found a runed translucent gate.
 30432 | Elf:3    | Entered Level 3 of the Elven Halls
 30467 | Elf:3    | Reached skill level 17 in Fighting
 30467 | Elf:3    | Reached XP level 22. HP: 155/182 MP: 0/0
 30584 | Elf:3    | Reached skill level 6 in Armour
 30619 | Elf:3    | Identified the +4 rapier "Watonueli" {chaos, Dex+2}
 30619 | Elf:3    | Identified the +3 leather armour of Ruburics {Will++
                  | Slay+3}
 30624 | Elf:3    | Identified the +4 trident of Doom {freeze, rPois Int+3}
 30665 | Elf:3    | Identified the +1 cloak "Onoisuta" {+Inv Int+2}
 30707 | Elf:3    | Identified the +9 demon whip "Killer Klown's Foe" {drain,
                  | rN++ Int-5}
 30712 | Elf:3    | Identified the +2 ring mail of the Orcish Mines {Harm}
 30716 | Elf:3    | Reached skill level 7 in Armour
 30723 | Elf:3    | Identified the Reference Book on Blasting
 30727 | Elf:3    | Found the +3 hat of Pondering {ponderous, Will+ MP+10
                  | Int+5}
 31151 | Elf:3    | Reached skill level 8 in Armour
 31218 | Elf:3    | Reached skill level 9 in Armour
 31401 | Elf:3    | Reached skill level 1 in Shields
 31593 | Elf:3    | Reached skill level 2 in Shields
 31922 | Vaults:1 | Entered Level 1 of the Vaults
 32121 | Vaults:1 | Reached skill level 3 in Shields
 32761 | Vaults:1 | Reached skill level 10 in Armour
 32938 | Vaults:1 | Found a portal to a secret trove of treasure.
 33142 | Vaults:1 | Reached skill level 11 in Armour
 33159 | Vaults:1 | Found Wubud's Assorted Antiques.
 33662 | Vaults:2 | Reached skill level 12 in Armour
 33669 | Vaults:2 | Reached XP level 23. HP: 133/189 MP: 0/0
 33669 | Vaults:2 | Learned a level 8 spell: Summon Horrible Things
 33901 | Vaults:2 | Reached skill level 13 in Armour
 34337 | Vaults:2 | Reached skill level 14 in Armour
 35109 | Vaults:3 | Noticed Donald
 35111 | Vaults:3 | Killed Donald
 35397 | Vaults:3 | Found Vebopus's Magic Scroll Emporium.
 35473 | Vaults:3 | Reached skill level 15 in Armour
 35732 | Vaults:3 | Identified the +1 plate armour "Uggualel" {rElec rPois rF-
                  | Int+5}
 36175 | Vaults:3 | Found a staircase to the Crypt.
 36369 | Vaults:4 | Reached skill level 16 in Armour
 36493 | Vaults:4 | Found Odij's Armour Shoppe.
 36684 | Vaults:4 | Reached XP level 24. HP: 188/196 MP: 0/0
 36756 | Vaults:4 | Reached skill level 17 in Armour
 36824 | Vaults:4 | Reached skill level 1 in Shapeshifting
 36938 | Vaults:4 | Reached skill level 2 in Shapeshifting
 37001 | Vaults:4 | Reached skill level 3 in Shapeshifting
 37266 | Vaults:4 | Reached skill level 4 in Shapeshifting
 37395 | Vaults:4 | Identified the +2 great sword of Ruination {antimagic,
                  | Str+3 Int+3 Stlth+}
 37407 | Vaults:4 | Reached skill level 5 in Shapeshifting
 37768 | Depths:1 | Entered Level 1 of the Depths
 37793 | Depths:1 | Noticed a golden dragon
 37797 | Depths:1 | Killed a golden dragon
 37976 | Depths:2 | Reached skill level 6 in Shapeshifting
 38082 | Depths:1 | Reached skill level 7 in Shapeshifting
 38210 | Depths:1 | Reached skill level 8 in Shapeshifting
 38622 | Depths:1 | Found an iron altar of Okawaru.
 38700 | Depths:1 | Reached skill level 9 in Shapeshifting
 38740 | Depths:1 | Found a gateway to Hell.
 39252 | Depths:2 | Found a one-way gateway to a ziggurat.
 39322 | Depths:2 | Reached skill level 10 in Shapeshifting
 39362 | Depths:2 | Reached XP level 25. HP: 173/202 MP: 0/0
 39362 | Depths:2 | Learned a level 8 spell: Infestation
 39413 | Depths:2 | Found a stormy altar of Qazlal.
 39963 | Depths:3 | Reached skill level 11 in Shapeshifting
 40121 | Depths:3 | Reached skill level 12 in Shapeshifting
 40490 | Depths:3 | Found the +7 hand cannon "Mule" {flame, backblast, rF+}
 40526 | Depths:3 | Identified the +7 spear of Sudden Death {venom, rElec
                  | rCorr}
 40566 | Depths:3 | Identified the +7 glaive of the Bashing Visionary {vamp,
                  | *Slow rElec Str+4}
 40625 | Depths:3 | Identified the +1 hand axe of a volcano {chaos, rPois rC+
                  | rN+++ Str-5}
 40639 | Depths:3 | Found a one-way gate to the infinite horrors of the Abyss.
 40700 | Depths:3 | Identified the ring "Put-Me-On" {rF+ rC+}
 40804 | Depths:3 | Reached skill level 13 in Shapeshifting
 41152 | Depths:4 | Entered Level 4 of the Depths
 42049 | Depths:4 | Reached skill level 14 in Shapeshifting
 42098 | Depths:4 | Found a gate to the Realm of Zot.
 42548 | Crypt:1  | Entered Level 1 of the Crypt
 42747 | Crypt:1  | Noticed a curse skull
 42752 | Crypt:1  | Killed a curse skull
 42816 | Crypt:1  | Reached XP level 26. HP: 195/209 MP: 0/0
 42947 | Crypt:1  | Identified the +5 ring mail of Context {Str+3 Int+2}
 43083 | Crypt:1  | Noticed a curse skull
 43097 | Crypt:1  | Killed a curse skull
 43466 | Crypt:2  | Noticed a curse skull
 43547 | Crypt:1  | Reached skill level 15 in Shapeshifting
 43661 | Crypt:2  | Killed a curse skull
 44038 | Crypt:2  | Noticed a curse skull
 44045 | Crypt:2  | Killed a curse skull
 44101 | Crypt:2  | Identified the +0 leather armour "Lajiss" {rPois rCorr
                  | Dex-2 Stlth+}
 44386 | Crypt:3  | Entered Level 3 of the Crypt
 44448 | Crypt:3  | Identified the +5 plate armour "Vuan" {rC+}
 44492 | Crypt:3  | Reached skill level 16 in Shapeshifting
 44647 | Crypt:3  | Found a basalt altar of Yredelemnul.
 44829 | Crypt:3  | Identified the +1 short sword of the Reasonable God {elec,
                  | rPois rCorr Dex-4}
 44958 | Crypt:3  | Noticed a royal mummy
 44965 | Crypt:3  | Noticed Khufu
 44976 | Crypt:3  | Killed a royal mummy
 45062 | Crypt:3  | Killed Khufu
 45194 | Crypt:3  | Reached skill level 17 in Shapeshifting
 45312 | Crypt:3  | Identified the +0 ring mail of the Armadillo {Regen+ MP+9
                  | SInv}
 45489 | Crypt:3  | Identified the ring "Pekhluficw" {rN++ Str+6}
 45489 | Crypt:3  | Identified the ring of the Imp {rC+ rN++ Str+3}
 45489 | Crypt:3  | Identified the ring of Existentialism {rN++ AC+4 Str+4
                  | Stlth+}
 45580 | Crypt:3  | Noticed a dread lich
 45586 | Crypt:3  | Killed a dread lich
 45594 | Crypt:3  | Found a staircase to the Tomb.
 45595 | Crypt:3  | Identified the staff of Sowumn {Fly rF+ rC+++ Dex+2 Stlth+
                  | Fire}
 46124 | Depths:3 | Voluntarily entered the Abyss.
 46339 | Abyss:1  | Found a corrupted altar of Lugonu.
 46343 | Abyss:1  | Found a corrupted altar of Lugonu.
 46343 | Abyss:1  | Found a corrupted altar of Lugonu.
 46426 | Abyss:1  | Reached XP level 27. HP: 139/212 MP: 0/0
 46426 | Abyss:1  | Learned a level 9 spell: Fire Storm
 46433 | Abyss:1  | Reached skill level 18 in Shapeshifting
 46503 | Abyss:1  | Found a corrupted altar of Lugonu.
 46673 | Abyss:1  | Found a corrupted altar of Lugonu.
 47079 | Abyss:2  | Found a corrupted altar of Lugonu.
 47342 | Abyss:2  | Reached skill level 19 in Shapeshifting
 47429 | Abyss:2  | Identified the staff of Irulas {Str+2 Dex+3 Summ Earth}
 47529 | Abyss:2  | Found a corrupted altar of Lugonu.
 47577 | Abyss:3  | Noticed an ancient lich
 47581 | Abyss:3  | Killed an ancient lich
 47666 | Depths:3 | You pass through the gate.
 47666 | Depths:3 | Escaped the Abyss
 48479 | Vaults:5 | Entered Level 5 of the Vaults
 48486 | Vaults:5 | Identified the cursed +2 pair of gloves "Ensconced Seeker"
                  | {Melee, Cun} (You found it on level 2 of the Dungeon)
 48547 | Vaults:5 | Reached skill level 18 in Fighting
 48618 | Vaults:5 | Noticed an ancient lich
 48623 | Vaults:5 | Killed an ancient lich
 48744 | Vaults:5 | Killed an ancient lich
 48762 | Vaults:5 | Reached skill level 19 in Fighting
 48856 | Vaults:5 | Identified the +6 short sword of Turmoil {heavy, rC+ Int+3
                  | Stlth+}
 48858 | Vaults:5 | Identified the Codex of the Jinx and Assaults
 49084 | Vaults:5 | Identified the +4 sling "Peatiykk" {heavy, rC+ Will+ Str+2}
 49086 | Vaults:5 | Reached skill level 20 in Fighting
 49334 | Vaults:5 | Noticed an ancient lich
 49338 | Vaults:5 | Killed an ancient lich
 49339 | Vaults:5 | Reached skill level 21 in Fighting
 49534 | Vaults:5 | Identified the +2 chain mail of Ytamegits {rElec rF+ rN+
                  | Dex-5}
 49618 | Vaults:5 | Noticed a dread lich
 49622 | Vaults:5 | Killed a dread lich
 49632 | Vaults:5 | Identified the amulet "Renyzora" {Acrobat rCorr}
 49728 | Vaults:5 | Got a silver rune of Zot
 49767 | Vaults:5 | Identified the +5 shortbow "Gunic" {heavy, rPois rC- Will+
                  | Dex+3}
 50462 | Vaults:1 | You paid a toll of +3 gold dragon scales to enter a
                  | treasure trove
 50463 | Trove    | Entered a treasure trove
 50465 | Trove    | Identified the ring "Qamomum" {Fly rC+ Dex+3}
 50465 | Trove    | Identified the ring "Weimin" {Str+2 Dex+6 Slay+3}
 50465 | Trove    | Identified the ring "Meamos" {Fire rCorr Dex+2}
 50466 | Trove    | Identified the amulet "Guste" {Reflect rElec rPois rC+
                  | SH+5}
 50466 | Trove    | Identified the ring "Fimyxonk" {rElec rF+ Str+2 Dex+6}
 50466 | Trove    | Identified the ring "Bobil" {rF+ rC- rN+++ Str+3 Dex+6}
 50756 | Zot:1    | Entered Level 1 of the Realm of Zot
 50756 | Zot:1    | Identified the +7 trident of Certain Death {protect, rC-
                  | Int+3}
 50795 | Zot:1    | Noticed an orb of fire
 50805 | Zot:1    | Killed an orb of fire
 50867 | Depths:4 | Reached skill level 22 in Fighting
 51179 | Zot:1    | Found Ycaiqouh's Changing Room.
 51266 | Zot:1    | Reached skill level 23 in Fighting
 51426 | Zot:1    | Noticed an orb of fire
 51433 | Zot:1    | Killed an orb of fire
 52219 | Zot:2    | Reached skill level 4 in Shields
 52299 | Zot:2    | Noticed a dread lich
 52303 | Zot:2    | Killed a dread lich
 52304 | Zot:2    | Reached skill level 5 in Shields
 52323 | Zot:2    | Noticed an electric golem
 52327 | Zot:2    | Killed an electric golem
 52843 | Zot:2    | Noticed an electric golem
 52843 | Zot:2    | Noticed a curse toe
 52852 | Zot:2    | Killed an electric golem
 52858 | Zot:2    | Killed a curse toe
 52871 | Zot:2    | Reached skill level 6 in Shields
 52940 | Zot:2    | Noticed a curse toe
 52944 | Zot:2    | Killed a curse toe
 53142 | Zot:3    | Noticed an electric golem
 53145 | Zot:3    | Killed an electric golem
 53154 | Zot:3    | Reached skill level 18 in Armour
 53249 | Zot:3    | Identified the +5 hand axe of the Pyrrhic Victory {drain,
                  | rN+ Str+2}
 53249 | Zot:3    | Identified the Quarto of The Black Sun
 53249 | Zot:3    | Noticed an orb of fire
 53322 | Zot:3    | Killed an orb of fire
 53323 | Zot:3    | Reached skill level 7 in Long Blades
 53693 | Zot:3    | Reached skill level 8 in Long Blades
 54062 | Zot:4    | Noticed a curse toe
 54068 | Zot:4    | Killed a curse toe
 54118 | Zot:4    | Reached skill level 9 in Long Blades
 54119 | Zot:4    | Noticed a Killer Klown
 54122 | Zot:4    | Killed a Killer Klown
 54124 | Zot:4    | Noticed a Killer Klown
 54125 | Zot:4    | Killed a Killer Klown
 54129 | Zot:4    | Reached skill level 10 in Long Blades
 54131 | Zot:4    | Killed a Killer Klown
 54138 | Zot:4    | Killed a Killer Klown
 54203 | Zot:4    | Found a shimmering altar of Xom.
 54203 | Zot:4    | Found a shimmering altar of Xom.
 54230 | Zot:4    | Found a glowing silver altar of Zin.
 54259 | Zot:4    | Reached skill level 11 in Long Blades
 54303 | Zot:4    | Identified the +3 short sword of Reschinil {pain, rF- rN+
                  | Dex+3}
 54760 | Zot:5    | Entered Level 5 of the Realm of Zot
 54766 | Zot:5    | Reached skill level 12 in Long Blades
 54958 | Zot:5    | Found a transporter.
 54958 | Zot:5    | Noticed Oneirical's ghost (master FeAl)
 54979 | Zot:5    | Found a transporter.
 55316 | Zot:5    | Reached skill level 13 in Long Blades
 55388 | Zot:5    | Noticed an orb of fire
 55390 | Zot:5    | Noticed a Killer Klown
 55391 | Zot:5    | Killed a Killer Klown
 55394 | Zot:5    | Killed an orb of fire
 55448 | Zot:5    | Noticed an ancient lich
 55452 | Zot:5    | Killed an ancient lich
 55492 | Zot:5    | Reached skill level 14 in Long Blades
 55494 | Zot:5    | Killed an ancient lich
 55497 | Zot:5    | Killed an electric golem
 55498 | Zot:5    | Noticed an ancient lich
 55500 | Zot:5    | Killed a dread lich
 55500 | Zot:5    | Killed a dread lich
 55500 | Zot:5    | Killed an ancient lich
 55502 | Zot:5    | Noticed an orb of fire
 55504 | Zot:5    | Killed an orb of fire
 55511 | Zot:5    | Reached skill level 15 in Long Blades
 55636 | Zot:5    | Killed a Killer Klown
 55666 | Zot:5    | Noticed an orb of fire
 55672 | Zot:5    | Killed an orb of fire
 55676 | Zot:5    | Killed a Killer Klown
 55678 | Zot:5    | Killed a dread lich
 55681 | Zot:5    | Killed an electric golem
 55812 | Zot:5    | Reached skill level 17 in Dodging
 55836 | Zot:5    | Noticed an orb of fire
 55840 | Zot:5    | Noticed an orb of fire
 55854 | Zot:5    | Killed an orb of fire
 55869 | Zot:5    | Killed an orb of fire
 55948 | Zot:5    | Noticed an orb of fire
 55951 | Zot:5    | Reached skill level 19 in Armour
 55951 | Zot:5    | Killed an orb of fire
 56004 | Zot:5    | Noticed an orb of fire
 56020 | Zot:5    | Got the Orb of Zot
 56606 | D:$      | Escaped with the Orb!

Vanquished Creatures
  Khufu (Crypt:3)
  7 ancient liches
  6 dread liches
  9 orbs of fire
  A royal mummy (Crypt:3)
  Saint Roka (Elf:2)
  7 Killer Klowns
  3 curse toes
  A profane servitor (Crypt:3)
  Nikola (Shoals:3)
  13 golden dragons
  4 bone dragons
  The ghost of Edofruc the Cloud Mage, an adept DrMo of Hepliaklqana (Elf:1)
  A shard shrike zombie (Crypt:1)
  5 electric golems
  Rupert (Lair:5)
  A walking crystal tome (Depths:1)
  Zenata (Elf:1)
  21 tentacled monstrosities
  Jorgrun (D:15)
  A walking earthen tome (Depths:4)
  24 Orb Guardians
  7 quicksilver dragons
  4 titans
  2 deep elf blademasters (Elf:3)
  3 liches
  3 krakens
  4 sphinxes
  An Executioner (Abyss:1)
  3 deep elf master archers (Elf:3)
  4 ancient champions
  7 death cobs
  5 tentacled starspawn
  13 shadow dragons
  13 storm dragons
  7 tengu reavers
  Donald (Vaults:3)
  5 nagarajas
  4 protean progenitors
  Ilsuiw (Shoals:2)
  9 draconian monks
  A revenant (Crypt:3)
  A daeva (Abyss:1)
  7 fire giants
  3 iron dragons
  9 frost giants
  A draconian knight (Zot:1)
  5 deep elf sorcerers
  7 draconian shifters
  A balrug (Depths:4)
  Louise (Shoals:4)
  4 draconian scorchers
  4 draconian stormcallers
  5 ghost moths
  17 vault wardens
  5 ghouls
  4 curse skulls
  3 deep elf elementalists (Elf:3)
  15 ironbound preservers
  A reaper (Abyss:1)
  4 angels (Zot:4)
  2 broodmothers (Zot:2)
  3 draconian annihilators (Zot:1)
  2 orc warlords
  4 vampire knights
  A formless jellyfish (shapeshifter) (Depths:3)
  3 formless jellyfish
  8 stone giants
  13 green draconians
  26 very ugly things
  9 deep elf demonologists
  7 black draconians
  9 deep elf death magi
  8 ironbound thunderhulks
  4 demonspawn black suns (Zot:3)
  A lorocyproca (Abyss:1)
  A ghost moth (shapeshifter) (Depths:3)
  Azrael (Elf:1)
  4 deep elf annihilators (Elf:3)
  7 yellow draconians
  2 pale draconians (Depths:4)
  11 dire elephants
  A dire elephant (shapeshifter) (Depths:3)
  6 red draconians
  8 war gargoyles
  8 white draconians
  7 eidola
  Snorg (D:13)
  2 blizzard demons (Abyss:1)
  5 purple draconians
  7 spark wasps
  5 deep elf high priests
  17 merfolk impalers
  22 jiangshi
  8 ettins
  13 merfolk javelineers
  19 yaktaur captains
  4 crystal guardians (Vaults:2)
  6 great orbs of eyes
  An entropy weaver (Vaults:3)
  3 fire dragons
  7 ice dragons
  A ragged hierophant (Elf:2)
  2 hell beasts
  Erolcha (Orc:1)
  2 spriggan zombies
  2 demonspawn (Orc:2)
  35 vault guards
  Harold (D:9)
  4 rakshasas
  2 hydras (Lair:5)
  3 peacekeepers (Vaults:2)
  3 spriggan air magi (Depths:3)
  18 centaur warriors
  4 ironbound frosthearts
  13 anacondas
  5 merfolk avatars
  An ogre mage (Vaults:5)
  2 satyrs (Shoals:3)
  A radroach (Zot:4)
  7 merfolk aquamancers (Shoals:4)
  A satyr (shapeshifter) (Depths:3)
  20 dancing weapons
  5 deep troll shamans
  2 alligator snapping turtles
  3 boulder beetles
  5 two-headed ogres
  6 death knights
  6 vampire magi
  12 death yaks
  A fenstrider witch skeleton (Abyss:1)
  7 tengu warriors
  7 naga sharpshooters
  A sphinx skeleton (Depths:1)
  2 occultists (Depths:1)
  2 thrashing horrors (Abyss:1)
  8 naga warriors
  5 deep troll earth magi
  5 orc high priests (Orc:2)
  6 shock serpents
  A storm dragon zombie (D:15)
  2 sun demons
  2 spriggan berserkers (Depths:2)
  4 soul eaters
  2 fire crabs (shapeshifter)
  A hell knight (Depths:1)
  21 deep elf knights
  A spark wasp zombie (D:15)
  6 skysharks
  20 skeletal warriors
  A titan skeleton (Crypt:3)
  18 deep elf archers
  2 storm dragon skeletons
  5 wretched stars
  7 salamander mystics
  5 iron trolls (Depths:1)
  5 shadow wraiths
  A quicksilver dragon simulacrum (Depths:4)
  8 flayed ghosts
  A spectral anaconda (Lair:5)
  45 deep trolls
  7 sea snakes
  19 mana vipers
  A glowing orange brain (shapeshifter) (Vaults:5)
  An orb spider (Abyss:2)
  11 arcanists
  12 glowing orange brains
  A death drake (Abyss:3)
  3 swamp dragons (Depths:4)
  12 phantasmal warriors
  An orange crystal statue (Depths:3)
  7 bog bodies
  A spriggan simulacrum (Crypt:3)
  A steelbarb worm (shapeshifter) (Depths:3)
  27 deep elf pyromancers
  4 obsidian statues
  7 naga ritualists
  13 necromancers
  11 thermic dynamos
  18 ironbound convokers
  31 lindwurms
  A broodmother zombie (Crypt:1)
  29 deep elf zephyrmancers
  An obsidian bat (Orc:2)
  9 orc knights
  5 starcursed masses (Abyss:1)
  A manticore (shapeshifter) (D:15)
  10 orc sorcerers
  A stone giant zombie (Depths:1)
  35 ugly things
  A shining eye (Abyss:2)
  37 moths of wrath
  3 worldbinders
  A cyclops (shapeshifter) (Depths:3)
  11 manticores
  11 fauns
  6 guardian serpents
  2 kobold blastminers (Orc:2)
  3 apocalypse crabs
  6 cyclopes
  A salamander (shapeshifter) (Abyss:1)
  18 salamanders
  A human skeleton (Vaults:2)
  17 naga magi
  A rust devil (Orc:2)
  28 elephants
  12 merfolk sirens
  2 elf zombies
  An eye of devastation (Abyss:2)
  10 water nymphs
  2 molten gargoyles (Depths:3)
  13 vault sentinels
  A water nymph (shapeshifter) (Depths:3)
  2 torpor snails (shapeshifter)
  13 cane toads
  31 black mambas
  2 unseen horrors
  8 smoke demons
  3 kobold demonologists (D:12)
  2 orange demons
  A torpor snail (Lair:5)
  A yaktaur zombie (Vaults:4)
  A catoblepas zombie (Crypt:2)
  11 freezing wraiths
  18 large abominations
  3 rime drakes
  A hellion (Abyss:3)
  32 yaktaurs
  A rime drake (shapeshifter) (Abyss:1)
  11 komodo dragons
  A yaktaur skeleton (Vaults:4)
  A bunyip simulacrum (Crypt:1)
  An efreet (D:14)
  3 tengu conjurers
  4 ancient zymes
  A guardian mummy (Zot:2)
  A hydra zombie (Crypt:3)
  A yellow draconian skeleton (Crypt:2)
  A red devil (Orc:2)
  A polar bear (shapeshifter) (Elf:3)
  32 merfolk
  3 polar bears
  5 trolls
  2 glass eyes
  A hornet (D:7)
  13 wind drakes
  Grinder (D:3)
  2 saltlings (Elf:2)
  4 hellwings (Abyss:1)
  20 raiju
  A raiju (shapeshifter) (D:14)
  23 dream sheep
  6 snapping turtles
  A jumping spider (shapeshifter) (Elf:3)
  A snapping turtle (shapeshifter) (Depths:3)
  2 dream sheep (shapeshifter)
  37 blink frogs
  An ettin zombie (Crypt:1)
  A meliai zombie (Crypt:2)
  A spectral elephant (Lair:5)
  18 air elementals
  29 slime creatures
  5 shadows
  15 small abominations
  An ettin skeleton (Crypt:1)
  26 yaks
  A vampire (D:9)
  3 ynoxinuls
  A dire elephant simulacrum (Lair:5)
  37 water elementals
  9 wraiths
  14 wyverns
  16 humans (D:14)
  6 basilisks
  2 yaks (shapeshifter)
  12 fire elementals
  Eustachio (D:4)
  3 wargs
  10 vampire mosquitoes
  10 steam dragons
  3 neqoxecs
  3 redbacks (Vaults:3)
  2 chaos spawn (Zot:4)
  A death yak simulacrum (Lair:5)
  40 nagas
  A spectral cane toad (Lair:5)
  3 acid dragons
  A glowing shapeshifter zombie (Vaults:2)
  10 water moccasins
  A glowing shapeshifter skeleton (Crypt:1)
  A water nymph skeleton (Crypt:1)
  5 hell hounds
  Pargi (Sewer)
  36 orc warriors
  5 black bears
  3 sky beasts (D:8)
  6 ice beasts
  An ettin simulacrum (Crypt:3)
  2 elephant zombies
  2 ogres
  A boggart (Vaults:2)
  A crocodile (shapeshifter) (Elf:2)
  17 centaurs
  20 laughing skulls
  2 human zombies
  12 wolves
  2 crocodiles (D:8)
  A centaur (shapeshifter) (D:13)
  An elephant skeleton (Lair:5)
  A lindwurm skeleton (Crypt:2)
  A phantom (D:7)
  A brain worm (Abyss:1)
  5 weeping skulls
  10 kobold brigands
  12 bullfrogs
  7 earth elementals
  A naga simulacrum (Abyss:2)
  2 gnoll sergeants
  4 scorpions
  A cane toad simulacrum (Lair:5)
  4 burial acolytes (Crypt:3)
  6 wights (D:9)
  2 elephant simulacra (Lair:5)
  8 killer bees
  10 electric eels
  7 howler monkeys
  A crimson imp (Abyss:1)
  3 lava snakes
  2 bombardier beetles
  A quasit (Abyss:1)
  17 jellies
  A basilisk zombie (Crypt:1)
  20 orc priests
  A gnoll bouda (D:9)
  2 hounds
  4 iron imps
  Natasha (thrice) (D:2)
  3 iguanas
  23 orc wizards
  2 sleepcaps
  An ogre skeleton (Crypt:1)
  A tengu skeleton (Crypt:2)
  2 mummies (Crypt:3)
  Robin (D:4)
  11 gnolls
  7 adders
  A river rat (D:5)
  2 shadow imps (D:6)
  5 white imps
  A howler monkey simulacrum (D:9)
  9 ufetubi
  3 dart slugs (D:1)
  3 ribbon worms
  67 orcs
  8 ball pythons
  25 endoplasms
  5 giant cockroaches
  10 goblins
  13 hobgoblins
  9 jackals
  20 kobolds
  4 quokkas
  3 training dummies (Elf:3)
  5 bats
  A dart slug zombie (Crypt:2)
  5 frilled lizards
  A gnoll skeleton (Crypt:2)
  A jackal zombie (Crypt:1)
  6 rats
  7 aspiring fleshes
  64 fire vortices
  A lurking horror (Abyss:1)
  2 starspawn tentacles (Abyss:1)
  4 tentacles (Shoals:1)
2607 creatures vanquished.

Vanquished Creatures (collateral kills)
  A bone dragon (Zot:2)
  A tentacled monstrosity (Zot:1)
  3 death cobs
  2 protean progenitors
  A ghoul (Crypt:2)
  An ironbound preserver (Vaults:5)
  A purple draconian (Zot:1)
  A hydra (Lair:4)
  A boulder beetle (D:9)
  A death yak (Lair:3)
  A two-headed ogre (D:8)
  An orc knight (Orc:2)
  A manticore (Lair:3)
  2 elephants
  A wind drake (Lair:3)
  A polar bear (Lair:3)
  2 dream sheep (Lair:3)
  A wyvern (D:9)
  3 nagas (Lair:2)
  A black bear (D:6)
  3 ogres
  A crocodile (D:8)
  A wolf (Lair:3)
  2 bullfrogs (D:7)
  4 killer bees (D:9)
  A bombardier beetle (D:7)
  A howler monkey (D:10)
  A sleepcap (D:6)
  An orc wizard (D:8)
  2 gnolls
  A shadow imp (D:6)
  An ufetubus (D:6)
  7 orcs
  A quokka (D:4)
  2 aspiring fleshes (Zot:3)
  15 foxfires
71 creatures vanquished.

Vanquished Creatures (others)
  A water elemental (Depths:3)
  An orc (Orc:2)
  144 fire vortices
  1308 foxfires
  4 starspawn tentacles (Abyss:1)
  12 tentacles
1470 creatures vanquished.

Grand Total: 4148 creatures vanquished

Table legend: (Time is in decaauts)
 A = Elapsed time spent in this place.
 B = Non-inter-level travel time spent in this place.
 C = Inter-level travel time spent in this place.
 D = Time resting spent in this place.
 E = Time spent auto-exploring this place.
 F = Levels seen in this place.
 G = Mean time per level.
                   A        B        C        D        E       F      G
               +--------+--------+--------+--------+--------+-----+--------+
         Total |  56840 |  51093 |   5747 |   2404 |  35458 |  57 |  997.2 |
       Dungeon |  13778 |  11882 |   1896 |    299 |   9021 |  15 |  918.5 |
        Temple |      1 |      1 |      0 |      0 |      0 |   1 |    1.0 |
          Lair |   6223 |   5548 |    675 |    140 |   3784 |   5 | 1244.6 |
        Shoals |   3656 |   3357 |    299 |     81 |   2479 |   4 |  914.0 |
     Snake Pit |   3981 |   3707 |    274 |     98 |   2808 |   4 |  995.2 |
  Orcish Mines |   1903 |   1576 |    327 |     65 |    941 |   2 |  951.5 |
   Elven Halls |   3565 |   3209 |    356 |    167 |   2381 |   3 | 1188.3 |
        Vaults |   7836 |   6866 |    970 |    258 |   4918 |   5 | 1567.2 |
         Crypt |   3150 |   3055 |     95 |    299 |   1705 |   3 | 1050.0 |
        Depths |   5459 |   4779 |    680 |    336 |   3197 |   4 | 1364.8 |
           Zot |   5227 |   5056 |    171 |    572 |   2956 |   5 | 1045.4 |
         Abyss |   1541 |   1541 |      0 |     42 |   1060 |   3 |  513.7 |
         Trove |     48 |     48 |      0 |      0 |      0 |   1 |   48.0 |
         Sewer |    146 |    146 |      0 |      0 |     93 |   1 |  146.0 |
       Volcano |    321 |    321 |      0 |     47 |    115 |   1 |  321.0 |
               +--------+--------+--------+--------+--------+-----+--------+

Top non-repeatable levels by time:
Vaults:5: 1846 daAuts
Depths:3: 1818 daAuts
Vaults:3: 1654 daAuts
 Snake:4: 1582 daAuts
Vaults:2: 1535 daAuts
Vaults:4: 1474 daAuts
  Lair:5: 1466 daAuts
Depths:4: 1448 daAuts
     D:9: 1434 daAuts
   Elf:3: 1428 daAuts
Depths:1: 1425 daAuts
  Lair:4: 1399 daAuts
   Orc:2: 1370 daAuts
 Crypt:3: 1340 daAuts
Vaults:1: 1325 daAuts

Table legend:
 A = Non-vault XP
 B = Vault XP
 C = Vault XP percentage of total XP
 D = Non-vault monster count
 E = Vault monster count
 F = Vault count percentage of total count
                 A         B        C        D         E       F
            +---------+---------+-------+---------+---------+-------
      Total |  801260 |  790574 |  49.7 |    1504 |    1076 |  41.7
            +---------+---------+-------+---------+---------+-------
        D:1 |      43 |       0 |   0.0 |      23 |       0 |   0.0
        D:2 |     116 |      37 |  24.2 |      18 |       1 |   5.3
        D:3 |      82 |     281 |  77.4 |      18 |       3 |  14.3
        D:4 |     426 |     340 |  44.4 |      20 |      22 |  52.4
        D:5 |     345 |      24 |   6.5 |      10 |       7 |  41.2
        D:6 |    1137 |      96 |   7.8 |      17 |      10 |  37.0
        D:7 |    1868 |     188 |   9.1 |      24 |       2 |   7.7
        D:8 |     823 |    4054 |  83.1 |      20 |      23 |  53.5
        D:9 |    2093 |    6552 |  75.8 |      31 |      31 |  50.0
       D:10 |    2159 |    1375 |  38.9 |      13 |       9 |  40.9
       D:11 |    4048 |       0 |   0.0 |      19 |       0 |   0.0
       D:12 |    4928 |       0 |   0.0 |      23 |       0 |   0.0
       D:13 |    5496 |     959 |  14.9 |      20 |       1 |   4.8
       D:14 |    8591 |    8719 |  50.4 |      17 |      25 |  59.5
       D:15 |    5831 |    9553 |  62.1 |      14 |      12 |  46.2
     Lair:1 |    6876 |       0 |   0.0 |      28 |       0 |   0.0
     Lair:2 |    1742 |     482 |  21.7 |      10 |       3 |  23.1
     Lair:3 |    7950 |    8082 |  50.4 |      31 |      34 |  52.3
     Lair:4 |   11336 |    1802 |  13.7 |      30 |       9 |  23.1
     Lair:5 |   17894 |   14925 |  45.5 |      46 |      42 |  47.7
   Shoals:1 |   14573 |    9418 |  39.3 |      26 |       9 |  25.7
   Shoals:2 |   19341 |    5059 |  20.7 |      42 |       6 |  12.5
   Shoals:3 |   13254 |    2450 |  15.6 |      25 |       1 |   3.8
   Shoals:4 |   15523 |   32132 |  67.4 |      35 |      65 |  65.0
    Snake:1 |    7996 |       0 |   0.0 |      19 |       0 |   0.0
    Snake:2 |    2754 |       0 |   0.0 |       9 |       0 |   0.0
    Snake:3 |   25975 |     950 |   3.5 |      48 |       2 |   4.0
    Snake:4 |   28155 |   31628 |  52.9 |      57 |      49 |  46.2
      Orc:1 |    3261 |     865 |  21.0 |      26 |       1 |   3.7
      Orc:2 |    2408 |   20615 |  89.5 |      27 |      70 |  72.2
      Elf:1 |   26993 |   10065 |  27.2 |      40 |      17 |  29.8
      Elf:2 |   11058 |    7263 |  39.6 |      18 |      15 |  45.5
      Elf:3 |   25672 |   33254 |  56.4 |      41 |      33 |  44.6
   Vaults:1 |   16180 |   17709 |  52.3 |      23 |      30 |  56.6
   Vaults:2 |   30493 |   15310 |  33.4 |      40 |      29 |  42.0
   Vaults:3 |   22359 |   15048 |  40.2 |      32 |      17 |  34.7
   Vaults:4 |   25564 |   36624 |  58.9 |      36 |      48 |  57.1
   Vaults:5 |   28222 |  120145 |  81.0 |      45 |      97 |  68.3
    Crypt:1 |   22466 |       0 |   0.0 |      37 |       0 |   0.0
    Crypt:2 |   33577 |       0 |   0.0 |      43 |       0 |   0.0
    Crypt:3 |       0 |   71420 | 100.0 |       0 |      96 | 100.0
   Depths:1 |   37196 |   13024 |  25.9 |      48 |      11 |  18.6
   Depths:2 |   28979 |       0 |   0.0 |      34 |       0 |   0.0
   Depths:3 |       0 |   70194 | 100.0 |       0 |     109 | 100.0
   Depths:4 |   19819 |   23851 |  54.6 |      24 |      25 |  51.0
      Zot:1 |   54093 |   22798 |  29.6 |      45 |      16 |  26.2
      Zot:2 |   14223 |   28553 |  66.8 |      11 |      18 |  62.1
      Zot:3 |   30158 |   12888 |  29.9 |      24 |       8 |  25.0
      Zot:4 |   46641 |   17531 |  27.3 |      40 |      11 |  21.6
      Zot:5 |   29891 |  109482 |  78.6 |      25 |      40 |  61.5
    Abyss:1 |   50783 |       0 |   0.0 |     104 |       0 |   0.0
    Abyss:2 |   20236 |     446 |   2.2 |      39 |       1 |   2.5
    Abyss:3 |    9633 |       0 |   0.0 |       9 |       0 |   0.0
      Sewer |       0 |     150 | 100.0 |       0 |       8 | 100.0
    Volcano |       0 |    4233 | 100.0 |       0 |      10 | 100.0
            +---------+---------+-------+---------+---------+-------
